 Seeded DCSS version 0.29-a0-414-g5075937ec3 (webtiles) character file.

Game seed: 5 (custom seed)

66 Psyclone the Chiller (level 4, -4/27 HPs)
             Began as an Octopode Ice Elementalist on May 15, 2022.
             Slain by Sigmund
             ... wielding a +0 scythe of protection
              (13 damage)
             ... on level 2 of the Dungeon.
             The game lasted 00:02:51 (2359 turns).

Psyclone the Chiller (Octopode Ice Elementalist)    Turns: 2359, Time: 00:02:52

Health: -4/27      AC:  1    Str:  7    XL:     4   Next: 15%
Magic:  4/7        EV: 13    Int: 19    God:
Gold:   39         SH:  0    Dex: 12    Spells: 3/7 levels left

rFire   . . .      SeeInvis .   a - +0 dagger
rCold   . . .      Faith    .   (no shield)
rNeg    . . .      Spirit   .   (helmet restricted)
rPois   .          Reflect  .   (no amulet)
rElec   .          Harm     .   (no ring)
rCorr   .          Rampage  .   (no ring)
Will    .....                   (no ring)
Stlth   +++.......              (no ring)
HPRegen 0.09/turn               (no ring)
MPRegen 0.10/turn               (no ring)
                                (no ring)
                                (no ring)

@: freezing walls
A: almost no armour, amphibious, 8 rings, camouflage 1, gelatinous body 1,
(nimble swimmer 1), tentacles
a: no special abilities


You were on level 2 of the Dungeon.
You visited 1 branch of the dungeon, and saw 2 of its levels.

You collected 39 gold pieces.

Inventory:

Hand Weapons
 a - a +0 dagger (weapon)
Jewellery
 f - a ring of positive energy
Scrolls
 b - a scroll of poison
 e - a scroll of fog {unknown}
Potions
 c - a potion of magic
 d - a potion of lignification
 g - a potion of haste {unknown}


   Skills:
 - Level 2.0 Dodging
 - Level 2.6 Stealth
 - Level 2.0 Spellcasting
 + Level 5.6 Ice Magic


You had 3 spell levels left.
You knew the following spells:

 Your Spells              Type           Power      Damage    Failure   Level
a - Freeze                Ice            92%        1d10      1%          1
b - Frozen Ramparts       Ice            46%        1d6       4%          3

Your spell library contained the following spells:

 Spells                   Type           Power      Damage    Failure   Level
 Ozocubu's Armour         Ice            23%        N/A       4%          3
 Hailstorm                Conj/Ice       12%        3d5       47%         4


Dungeon Overview and Level Annotations

Branches:
Dungeon (2/15)

Altars:
Okawaru

Annotations:
D:2 Sigmund


Innate Abilities, Weirdness & Mutations

You cannot wear most types of armour.
You are amphibious.
You can wear up to eight rings at the same time.
Your skin changes colour to match your surroundings (Stealth+).
Your rubbery body absorbs attacks. (AC +1, EV +1)
((You are camouflaged when in or above water. (Stealth+)))
You have tentacles for arms and can constrict up to eight enemies at once.


Message History

The jackal is almost dead.
You constrict the jackal.
You kill the jackal!
You see here a jackal corpse.
The helpless hobgoblin fails to defend itself.
You puncture the hobgoblin!
You kill the hobgoblin!
You see here a jackal corpse.
You see here a jackal corpse.
g - an orange potion Health restored: 27 You open the door.
There is an open door here.
Found a robe.
There is an open door here.
Sigmund shouts!
Sigmund casts a spell at you. The puff of flame hits you!
You take 8 damage, and have 19/27 hp.
MASSIVE DAMAGE!!
Sigmund barely misses you.
Casting: Freeze (safe; 1% risk of failure)
Confirm with . or Enter, or press ? or * to list all spells.
The spell is quite dangerous to miscast (4% risk of failure)!
Continue anyway?
Okay, then.
Casting: Frozen Ramparts (quite dangerous; 4% risk of failure)
Confirm with . or Enter, or press ? or * to list all spells.
The spell is quite dangerous to miscast (4% risk of failure)!
Continue anyway?
Casting: Frozen Ramparts (quite dangerous; 4% risk of failure)
Press: ? - help, Dir - look around, f - activate The walls around you are covered in ice.
You now have 4/7 mp.
Casting: Frozen Ramparts (quite dangerous; 4% risk of failure)
Confirm with . or Enter, or press ? or * to list all spells.
You don't know that spell.
The wall freezes Sigmund.
Sigmund hits you from afar with a +0 scythe of protection!
You take 10 damage, and have 9/27 hp.
MASSIVE DAMAGE!!
The wall freezes Sigmund!
Sigmund hits you from afar with a +0 scythe of protection!
You die...

#.# #.#.#.## #.###'#### ###.####
#.#.#.# #.##...## .#.#...#
#.....####.#.....## ..#.##.#
###[..............#
.....#.#########...####.........#
................<.....+.........+
.#..#..#########...####.........#
##.###.## #..## ##.......## #.##
##.# #@## ##.....## ##.###.##
#..# ##...## ##.#.## #@## #+##
##.## #. #.# .. #.# .## #.# . #.#
# #.#


You could see Sigmund.

Vanquished Creatures
  Terence (D:2)
  A dart slug (D:1)
  6 ball pythons
  An endoplasm (D:2)
  A giant cockroach (D:1)
  5 hobgoblins
  2 jackals (D:2)
  2 bats (D:1)
  3 frilled lizards (D:1)
  4 goblins
  7 kobolds (D:1)
  3 rats
36 creatures vanquished.

Vanquished Creatures (others)
  3 gnolls (D:2)
  A bat (D:2)
4 creatures vanquished.

Grand Total: 40 creatures vanquished

Notes
Turn   | Place    | Note
-------+----------+-------------------------------------------
     0 | D:1      | Psyclone the Octopode Ice Elementalist began the quest for
                  | the Orb.
     0 | D:1      | Reached XP level 1. HP: 11/11 MP: 3/3
   301 | D:1      | Reached XP level 2. HP: 17/17 MP: 5/5
   525 | D:1      | Found a faded altar of an unknown god.
  1010 | D:1      | Reached XP level 3. HP: 1/21 MP: 4/6
  1014 | D:1      | Learned a level 3 spell: Frozen Ramparts
  1534 | D:2      | Noticed Terence
  1549 | D:2      | Killed Terence
  1550 | D:2      | Reached skill level 5 in Ice Magic
  1828 | D:2      | Reached XP level 4. HP: 20/27 MP: 7/7
  2108 | D:2      | Noticed Sigmund
  2120 | D:2      | Found an iron altar of Okawaru.
  2359 | D:2      | Slain by Sigmund

Illustrated notes

Levels and vault maps discovered:
D:1:      lightli_iron_boxes, layout_basic, ebering_ecumenical_altar_rust,
          kennysheep_crisscross, chequers_avenue
D:2:      layout_loops_corners, basic_altar, lemuel_flame_loot_1, uniq_terence,
          uniq_sigmund

Skill      XL: |  1  2  3 |
---------------+----------+-----
Ice Magic      | 5 |  5.6
Dodging        | |  2.0
Stealth        | |  2.6
Spellcasting   | |  2.0

Action                   |  1- 3 |  4- 6 || total
-------------------------+-------+-------++-------
Melee: Dagger            |    45 |    11 ||    56
       Unarmed           |     2 |       ||     2
       Constrict         |    12 |     2 ||    14
       Tentacles         |    10 |     1 ||    11
 Cast: Freeze            |    11 |       ||    11
       Frozen Ramparts   |       |     1 ||     1
  Use: Scroll            |     2 |       ||     2
       Potion            |     2 |       ||     2
 Stab: Sleeping          |    10 |     5 ||    15
Dodge: Dodged            |    31 |     7 ||    38

Table legend: (Time is in decaauts)
 A = Elapsed time spent in this place.
 B = Non-inter-level travel time spent in this place.
 C = Inter-level travel time spent in this place.
 D = Time resting spent in this place.
 E = Time spent auto-exploring this place.
 F = Levels seen in this place.
 G = Mean time per level.
                   A        B        C        D        E       F      G
               +--------+--------+--------+--------+--------+-----+--------+
         Total |   2371 |   2347 |     24 |     56 |   1901 |   2 | 1185.5 |
       Dungeon |   2371 |   2347 |     24 |     56 |   1901 |   2 | 1185.5 |
               +--------+--------+--------+--------+--------+-----+--------+

Top non-repeatable levels by time:
     D:1: 1517 daAuts
     D:2: 853 daAuts
